 Dungeon Crawl Stone Soup version bcrawl-1.21 (webtiles) character file.

Game seed: 3948964908651617487

101 Freyura the Skirmisher (level 4, -7/35 HPs)
             Began as a Demonspawn Abyssal Knight on Feb 15, 2020.
             Was a Follower of Lugonu.
             Killed by divine providence
             ... invoked by an orc priest
              (12 damage)
             ... on level 3 of the Dungeon.
             The game lasted 00:06:53 (2882 turns).

Freyura the Skirmisher (Demonspawn Abyssal Knight)  Turns: 2882, Time: 00:06:54

Health: -7/35      AC:  6    Str: 12    XL:     4   Next: 48%
Magic:  6/6        EV: 10    Int: 13    God:    Lugonu [*.....]
Gold:   161        SH:  0    Dex: 14    Spells: 3/3 levels left

rFire    . . .     SeeInvis .   a - +2 mace
rCold    . . .     Gourm    .   (no shield)
rNeg     . . .     Faith    .   n - +0 ring mail
rPois    .         Spirit   .   p - +0 helmet
rElec    .         Reflect  .   (no cloak)
rCorr    .         Harm     .   (no gloves)
MR       .....                  (no boots)
Stlth    +.........             (no amulet)
HPRegen  0.11/turn              (no ring)
MPRegen  0.10/turn              (no ring)

@: no status effects
A: demonic guardian 1, rot immunity
a: Depart the Abyss, Bend Space, Renounce Religion


You were on level 3 of the Dungeon.
You worshipped Lugonu.
Lugonu was aware of your devotion.
You were not hungry.

You visited 1 branch of the dungeon, and saw 3 of its levels.
You visited the Abyss 1 time.

You collected 161 gold pieces.

Inventory:

Hand Weapons
 a - a +2 mace (weapon)
Missiles
 c - 10 tomahawks of dispersal (quivered)
 d - 352 stones
 l - 191 tomahawks
Armour
 n - a +0 ring mail (worn)
 p - a +0 helmet (worn)
Scrolls
 g - a scroll of enchant weapon
 h - 2 scrolls of teleportation
 q - a scroll of identify
Potions
 b - a potion of flight {unknown}
 f - a potion of degeneration {unknown}
 i - 2 potions of cancellation
 j - 3 potions of resistance
 k - a potion of haste {unknown}
Comestibles
 e - 6 rations {!d}


   Skills:
 + Level 3.5 Fighting
 * Level 2.9 Maces & Flails
 - Level 0.8 Throwing
 + Level 2.3 Armour
 + Level 1.5 Dodging
 + Level 3.4 Invocations


You had 3 spell levels left.
You didn't know any spells.
Your spell library was empty.

Dungeon Overview and Level Annotations

Branches:
Dungeon (3/12)

Altars:


Innate Abilities, Weirdness & Mutations

A weak demonic guardian rushes to your aid.
You are immune to rotting.


Message History

The orc hits you.
* * * LOW HITPOINT WARNING * * *
You hit the orc.
You kill the orc!
Lugonu accepts your kill.
You barely miss the orc priest.
The orc priest hits you with a +0 flail.
* * * LOW HITPOINT WARNING * * *
You hit the orc priest.
The orc priest is lightly wounded.
The orc priest barely misses you.
You barely miss the orc priest.
The orc priest is lightly wounded.
Your ufetubus disappears in a puff of smoke!
The orc priest closely misses you.
You hit the orc priest.
The orc priest is heavily wounded.
The orc priest invokes the aid of Beogh against you.
Beogh smites you!
You die...

########.#
#.5ยง@oo..#
#.########
#.# #.# #.#
#.# #.# #.#
#.#####


You could see an orc priest, an orc and a friendly ufetubus.

Vanquished Creatures
  Jessica (D:2)
  An adder (D:3)
  An ooze (D:3)
  2 worms (D:2)
  4 leopard geckos
  4 orcs
  5 bats
  A giant cockroach (D:1)
  4 goblins
  4 hobgoblins
  4 jackals (D:2)
  A quokka (D:2)
  2 ball pythons (D:2)
  2 frilled lizards (D:1)
  7 kobolds
  4 rats
47 creatures vanquished.

Notes
Turn   | Place    | Note
-------+----------+-------------------------------------------
     0 | Abyss:1  | Freyura the Demonspawn Abyssal Knight began the quest for
                  | the Orb.
     0 | Abyss:1  | Reached XP level 1. HP: 18/18 MP: 2/2
    44 | Abyss:1  | Noticed a small abomination
    45 | D:1      | Escaped the Abyss
    99 | D:1      | Reached skill level 1 in Dodging
   166 | D:1      | Gained mutation: A weak demonic guardian rushes to your
                  | aid. [demonic ancestry]
   166 | D:1      | Reached XP level 2. HP: 5/24 MP: 4/4
   200 | D:1      | Reached * piety under Lugonu
  1249 | D:2      | Gained mutation: You are immune to rotting. [demonic
                  | ancestry]
  1249 | D:2      | Reached XP level 3. HP: 29/29 MP: 5/5
  1442 | D:2      | Noticed Jessica
  1448 | D:2      | Killed Jessica
  1685 | D:2      | Reached XP level 4. HP: 26/35 MP: 6/6
  2882 | D:3      | Killed from afar by an orc priest

Skill      XL: |  1  2 |
---------------+-------+-----
Dodging        | 1 |  1.5
Maces & Flails | 2 |  2.9
Invocations    | 3 |  3.4
Armour         | 2 |  2.3
Fighting       | |  3.5
Throwing       | |  0.8

Action                   |  1- 3 |  4- 6 || total
-------------------------+-------+-------++-------
Melee: Mace              |    98 |    86 ||   184
Invok: Depart the Abyss  |     1 |       ||     1
  Use: Scroll            |     3 |     3 ||     6
  Eat: Chunk             |     3 |     3 ||     6
Armor: Leather armour    |    14 |       ||    14
       Ring mail         |    40 |    23 ||    63
Dodge: Dodged            |    89 |    48 ||   137
